Map: Terrasses de Prion

Players

Worming - Winner!

  • Race: Zerg Zerg
  • League: Diamond

Eruk

  • Race: Zerg Zerg

VOD

Have the link to the VOD?

Description

Time

  • Played on: Nov. 15, 2015, 7:26 a.m.
  • Length: 11:37
Show
View Real Time Build Order
Export as new Build Order

Worming Zerg - Winner!

Build Orders: Hatch First 

Get SALT Encoding   

  12  0:01  Drone  
  13  0:12  Overlord  
  13  0:19  Drone  
  14  0:31  Drone x2  
  16  0:37  Drone  
  17  0:54  Hatchery  
  17  0:56  Drone  
  17  1:00  Drone  
  17  1:01  Extractor  
  17  1:14  Spawning Pool  
  17  1:17  Drone  
  17  1:25  Drone  
  17  1:30  Drone  
  19  1:39  Drone  
  20  1:51  Overlord  
  20  2:02  Queen  
  20  2:05  Metabolic Boost  
  20  2:06  Queen  
  20  2:07  Zergling x2  
  25  2:10  Drone  
  26  2:20  Drone  
  27  2:28  Baneling Nest, Drone  
  27  2:36  Spine Crawler  
  26  2:39  Drone x2  
  28  2:48  Queen  
  28  2:49  Zergling x2  
  28  2:51  Drone  
  32  2:57  Drone x2  
  33  3:09  Zergling x4  
  33  3:20  Baneling  
  33  3:21  Baneling  
  33  3:22  Overlord  
  33  3:25  Zergling x6  
  36  3:33  Overlord  
  36  3:35  Baneling x3  
  36  3:39  Overlord x2  
  36  3:43  Baneling  
  36  3:59  Baneling  
  35  4:09  Drone x2  
  41  4:10  Drone x7  
  41  4:16  Extractor  
  43  4:18  Evolution Chamber  
  43  4:19  Evolution Chamber  
  40  4:41  Drone x2  
  42  4:46  Zerg Melee Weapons Level 1  
  42  4:48  Drone x8  
  50  4:57  Zerg Ground Armor Level 1  
  50  4:59  Overlord  
  50  5:02  Zergling x2  
  51  5:16  Baneling x4  
  51  5:20  Zergling x2  
  51  5:21  Zergling x4  
  54  5:31  Extractor x2  
  54  5:33  Lair  
  54  5:34  Roach Warren  
  50  5:41  Hatchery  
  48  5:44  Queen  
  48  5:46  Drone x3  
  48  5:47  Drone x3  
  56  6:06  Zergling x2  
  56  6:07  Zergling x6  
  56  6:10  Overlord  
  60  6:20  Queen  
  62  6:46  Zergling x2  
  63  6:47  Zergling x24  
  66  6:59  Zerg Melee Weapons Level 2, Zerg Ground Armor Level 2  
  66  7:00  Roach  
  66  7:01  Zergling x2, Roach, Spire  
  69  7:05  Zergling x2, Roach  
  69  7:07  Baneling x6, Roach  
  72  7:22  Zergling x2, Roach  
  77  7:23  Zergling x2, Roach  
  77  7:24  Ravager  
  77  7:26  Baneling x2  
  73  7:39  Zergling x12  
  73  7:40  Zergling x4  
  73  7:44  Overseer  
  79  7:56  Drone x5  
  79  7:58  Overlord x3  
  79  8:14  Mutalisk  
  79  8:18  Mutalisk x2  
  79  8:19  Mutalisk x2  
  89  8:21  Zergling x2  
  89  8:22  Zergling x12  
  95  8:32  Mutalisk x2  
  92  8:34  Zergling x2  
  92  8:35  Zergling x4  
  84  8:51  Zergling x14  
  84  8:52  Zergling x4  
  85  9:02  Corruptor  
  85  9:03  Mutalisk  
  85  9:05  Zergling x4  
  85  9:06  Zergling x2  
  86  9:14  Mutalisk x2  
  85  9:23  Hatchery  
  85  9:24  Zergling x4  
  84  9:38  Zergling x4  
  86  9:41  Zergling x2  
  76  10:15  Zergling x2  
  76  10:16  Zergling x16  
  85  10:27  Infestation Pit  
  84  10:36  Overseer  
  84  10:37  Pneumatized Carapace  
  84  10:40  Hatchery  
  83  10:45  Baneling x8  
  83  10:46  Zergling x16  
  83  10:47  Zergling x10  
  98  11:13  Extractor  
  98  11:17  Extractor  
  98  11:18  Baneling x6  
  96  11:19  Baneling, Overlord x3  
  96  11:20  Zergling x4  
Show
View Real Time Build Order
Export as new Build Order

Eruk Zerg 

Build Orders: Hatch First 

Get SALT Encoding   

  12  0:01  Drone  
  13  0:08  Drone  
  14  0:17  Overlord  
  14  0:36  Drone x2  
  14  0:37  Drone  
  17  0:52  Hatchery  
  17  0:55  Drone  
  17  0:59  Extractor  
  16  1:10  Spawning Pool  
  15  1:14  Drone  
  15  1:18  Drone  
  17  1:28  Drone  
  18  1:38  Drone  
  19  1:47  Overlord  
  19  1:57  Queen  
  21  2:08  Zergling x6  
  24  2:09  Queen  
  26  2:17  Drone, Overlord  
  26  2:19  Metabolic Boost  
  27  2:30  Drone x2  
  29  2:45  Queen  
  29  2:50  Zergling x4  
  33  3:02  Zergling x8  
  37  3:08  Drone x2  
  38  3:19  Drone x3  
  40  3:31  Baneling Nest, Drone, Overlord  
  40  3:32  Drone x3  
  43  3:37  Lair  
  42  4:05  Drone x2  
  44  4:11  Drone x4  
  44  4:12  Spine Crawler  
  44  4:13  Drone x2, Spine Crawler  
  46  4:35  Drone  
  46  4:36  Drone, Zergling x8  
  48  4:40  Roach Warren  
  48  4:41  Extractor  
  48  4:44  Zergling x2  
  47  4:49  Extractor  
  46  4:53  Extractor  
  45  5:09  Zergling x12  
  45  5:10  Zergling x2  
  52  5:19  Glial Reconstitution  
  50  5:44  Drone x2  
  52  5:50  Overlord x4  
  52  5:57  Evolution Chamber  
  52  5:58  Evolution Chamber  
  50  6:12  Roach x4  
  50  6:13  Roach x5  
  67  6:45  Roach  
  67  6:46  Roach x3  
  67  6:55  Roach x5  
  67  6:56  Roach x3  
  82  7:06  Zerg Missile Weapons Level 1, Zerg Ground Armor Level 1  
  82  7:07  Overlord x4  
  82  7:11  Hatchery  
  81  7:20  Extractor  
  81  7:21  Roach  
  81  7:22  Roach  
  84  7:36  Roach x3  
  84  7:37  Roach x5  
  90  7:41  Ravager x2  
  98  7:56  Roach x4  
  104  8:22  Roach  
  104  8:23  Roach x4  
  108  8:37  Roach  
  108  8:38  Roach x5  
  110  8:50  Hydralisk Den  
  89  9:14  Drone x3  
  83  9:22  Hydralisk x3  
  83  9:23  Hydralisk x3  
  74  9:34  Spore Crawler  
  74  9:37  Spore Crawler  
  72  9:43  Spore Crawler  
  67  9:50  Hydralisk x3  
  55  10:04  Hydralisk x2  
  57  10:13  Zergling x2  
  57  10:14  Zergling x6  
  59  10:23  Spore Crawler  
  58  10:28  Hydralisk  
  59  10:50  Hydralisk x4  
  67  11:07  Drone  
Tags
 
Add a new tag
Caveats
  • Supply blocks, unpowered buildings, or Contaminate may cause inaccurate times.
  • Supply counts are checked every 10 seconds.